 Dungeon Crawl Stone Soup version 0.23.1 (webtiles) character file.

Game seed: 5960850553690813717

14837 Lauz the Severer (level 11, -1/101 HPs)
             Began as a Minotaur Berserker on Mar 13, 2019.
             Was a High Priest of Trog.
             Slain by a fire elemental (12 damage)
             ... in a volcano.
             The game lasted 00:32:06 (12335 turns).

Lauz the Severer (Minotaur Berserker)              Turns: 12335, Time: 00:32:07

Health: -1/101     AC: 19    Str: 25    XL:     11   Next: 94%
Magic:  10/10      EV: 10    Int:  4    God:    Trog [*****.]
Gold:   644        SH:  0    Dex: 10    Spells: 10/10 levels left

rFire    . . .     SeeInvis .   z - +1 war axe
rCold    . . .     Gourm    .   (no shield)
rNeg     . . .     Faith    .   l - +1 chain mail
rPois    .         Spirit   .   (helmet restricted)
rElec    .         Reflect  .   m - +2 cloak
rCorr    +         Harm     .   P - +2 pair of gloves
MR       .....                  (no boots)
Stlth    ..........             (no amulet)
HPRegen  0.26/turn              g - ring of resist corrosion
MPRegen  0.12/turn              (no ring)

@: no status effects
A: retaliatory headbutt, horns 2
a: Berserk, Trog's Hand, Brothers in Arms, Renounce Religion


You were in a volcano.
You worshipped Trog.
Trog was extremely pleased with you.
You were hungry.

You visited 2 branches of the dungeon, and saw 12 of its levels.
You also visited: Volcano.

You collected 644 gold pieces.

Inventory:

Hand Weapons
 a - a +0 hand axe
 z - a +1 war axe (weapon)
 J - a +0 dire flail
 L - a +3 executioner's axe of flaming
Armour
 k - a +0 pair of gloves
 l - a +1 chain mail (worn)
 m - a +2 cloak (worn)
 n - a +2 buckler
 K - a +0 plate armour
 P - a +2 pair of gloves (worn)
Jewellery
 g - a ring of resist corrosion (left hand)
Wands
 d - a wand of random effects (52)
 w - a wand of flame (44)
 x - a wand of digging (6)
 G - a wand of disintegration (21)
 H - a wand of polymorph (4)
 Q - a wand of acid (9)
Scrolls
 f - 5 scrolls of teleportation
 h - a scroll of blinking
 j - 8 scrolls of identify {unknown}
 p - a scroll of random uselessness {unknown}
 s - 2 scrolls of fear
 t - a scroll of magic mapping
 u - a scroll of amnesia
 y - a scroll of fog
 C - a scroll of holy word {unknown}
 I - a scroll of vulnerability {unknown}
Potions
 b - 3 potions of brilliance {unknown}
 e - a potion of mutation {unknown}
 i - 4 potions of lignification {unknown}
 o - 2 potions of heal wounds
 q - a potion of ambrosia {unknown}
 r - 2 potions of magic {unknown}
 A - 2 potions of might {unknown}
 B - 2 potions of berserk rage {unknown}
 D - 4 potions of curing {unknown}
 F - a potion of haste {unknown}
 M - a potion of invisibility {unknown}
 N - a potion of cancellation {unknown}
Comestibles
 c - 16 rations


   Skills:
 + Level 10.5 Fighting
 * Level 17.0 Axes
 + Level 10.2 Armour
 + Level 4.5 Dodging
 - Level 1.0 Stealth


You had 10 spell levels left.
You didn't know any spells.
Your spell library was empty.

Dungeon Overview and Level Annotations

Branches:
Dungeon (11/15)            Temple (0/1) D:7            Lair (1/6) D:9
    Orc (0/2) D:10

Altars:
Ashenzari
Elyvilon
Hepliaklqana
Makhleb
Trog
Vehumet
Xom
Yredelemnul
The Shining One
Jiyva

Shops:
D:7 (   D:8 *}%(

Annotations:
D:9 2 runed translucent doors


Innate Abilities, Weirdness & Mutations

You reflexively headbutt those who attack you in melee.
You have a pair of horns on your head.


Message History

The fire elemental is heavily damaged.
The fire elemental hits you. The fire elemental burns you!
Your chain mail prevents you from hitting the fire elemental.
The fire elemental is heavily damaged.
You slash the fire elemental!
The fire elemental is almost destroyed.
The fire elemental hits you. The fire elemental burns you!
The efreet gestures at you.
The fireball explodes!
The fireball engulfs the fire elemental.
The fire elemental completely resists.
The fireball engulfs the efreet.
The efreet completely resists.
The fireball engulfs you!
You closely miss the fire elemental.
The fire elemental is almost destroyed.
The fire elemental hits you. The fire elemental burns you!
* * * LOW HITPOINT WARNING * * *
The fire elemental hits you. The fire elemental burns you!
* * * LOW HITPOINT WARNING * * *
The fire elemental hits you. The fire elemental burns you!
You die...

### # #.## ##○
##..## ##○..
##...≈##
#..○.E#....≈○#
○.≈≈≈RE@.∩.○○#
○≈≈≈≈≈##...≈≈#
#≈○○≈≈#....≈≈#
##≈○≈###...≈≈#
#####+..∩.○○#
#....≈○#
#....≈##
###.###


You could see an efreet and 2 fire elementals.

Vanquished Creatures
  Erica (D:11)
  4 two-headed ogres
  2 unseen horrors (D:10)
  A deep elf mage (D:10)
  An ugly thing (D:11)
  A troll (D:10)
  A hornet (D:11)
  Grinder (D:6)
  2 hippogriffs
  11 yaks (Lair:1)
  A fire elemental (Volcano)
  Eustachio (D:6)
  2 hungry ghosts
  2 water moccasins
  Duvessa (D:5)
  5 orc warriors
  2 ice beasts
  4 sky beasts
  4 wolves (Lair:1)
  2 ogres
  3 black bears
  3 phantoms
  An eye of draining (D:10)
  9 centaurs
  2 big kobolds
  Blork the orc (D:5)
  5 bullfrogs
  A wyvern zombie (D:10)
  A water moccasin skeleton (D:10)
  A wyvern skeleton (D:7)
  Dowan (D:5)
  3 scorpions
  9 killer bees
  3 wights (D:6)
  4 howler monkeys
  A bullfrog zombie (D:6)
  A centaur zombie (D:10)
  5 crimson imps
  8 jellies
  A gnoll shaman (D:4)
  4 orc priests
  A hound (D:11)
  6 orc wizards
  2 bullfrog skeletons (D:10)
  4 centaur skeletons
  3 iguanas
  Natasha (twice) (D:3)
  3 worker ants
  A hound zombie (D:10)
  A hound skeleton (D:10)
  A worker ant zombie (D:10)
  3 gnolls (D:4)
  A howler monkey skeleton (D:4)
  10 adders
  2 shadow imps
  6 oozes
  An adder skeleton (D:10)
  3 worms
  A dart slug (D:4)
  3 leopard geckos
  42 orcs
  5 giant cockroaches
  13 hobgoblins
  12 jackals
  5 quokkas
  A ball python (D:4)
  7 bats
  7 frilled lizards
  6 goblins
  A jackal skeleton (D:3)
  21 kobolds
  A leopard gecko skeleton (D:4)
  A leopard gecko zombie (D:5)
  4 rats
296 creatures vanquished.

Notes
Turn   | Place    | Note
-------+----------+-------------------------------------------
     0 | D:1      | Lauz the Minotaur Berserker began the quest for the Orb.
     0 | D:1      | Reached XP level 1. HP: 19/19 MP: 0/0
    74 | D:1      | Reached skill level 4 in Axes
   181 | D:1      | Reached XP level 2. HP: 27/27 MP: 1/1
   308 | D:1      | Reached XP level 3. HP: 25/33 MP: 2/2
   468 | D:1      | Reached ** piety under Trog
  1047 | D:2      | Reached skill level 5 in Axes
  1047 | D:2      | Reached XP level 4. HP: 31/40 MP: 3/3
  1898 | D:2      | Found a faded altar of an unknown god.
  1898 | D:2      | Found a bloodstained altar of Trog.
  1903 | D:2      | Found a radiant altar of Vehumet.
  1905 | D:2      | Found a burning altar of Makhleb.
  1907 | D:2      | Found a faded altar of an unknown god.
  2011 | D:3      | Reached skill level 6 in Axes
  2115 | D:3      | Reached XP level 5. HP: 46/47 MP: 4/4
  2143 | D:3      | Reached *** piety under Trog
  2856 | D:3      | Noticed Natasha
  2867 | D:3      | Killed Natasha
  3034 | D:3      | Noticed Natasha
  3044 | D:3      | Killed Natasha
  3152 | D:4      | Reached skill level 7 in Axes
  3319 | D:4      | Reached XP level 6. HP: 33/55 MP: 5/5
  3615 | D:4      | Found a shimmering altar of Xom.
  3615 | D:4      | Found a shattered altar of Ashenzari.
  3797 | D:4      | Found a white marble altar of Elyvilon.
  4041 | D:5      | Entered Level 5 of the Dungeon
  4258 | D:5      | Found a radiant altar of Vehumet.
  4403 | D:5      | Noticed Blork the orc
  4412 | D:5      | Killed Blork the orc
  4412 | D:5      | Reached skill level 5 in Fighting
  4412 | D:5      | Reached XP level 7. HP: 34/61 MP: 6/6
  4610 | D:5      | Found a glowing golden altar of the Shining One.
  4624 | D:5      | Noticed Dowan
  4636 | D:5      | Noticed Duvessa
  4642 | D:5      | Killed Dowan
  4642 | D:5      | Reached skill level 8 in Axes
  4657 | D:5      | Killed Duvessa
  5094 | D:6      | Reached skill level 5 in Armour
  5195 | D:6      | Noticed Eustachio
  5218 | D:6      | Killed Eustachio
  5218 | D:6      | Reached skill level 9 in Axes
  5218 | D:6      | Reached XP level 8. HP: 68/70 MP: 7/7
  5500 | D:6      | Reached **** piety under Trog
  5510 | D:6      | Reached skill level 10 in Axes
  5697 | D:6      | Noticed Grinder
  5699 | D:6      | Paralysed by Grinder for 5 turns
  5706 | D:6      | Killed Grinder
  5811 | D:7      | Noticed a hippogriff
  5819 | D:7      | Killed a hippogriff
  5819 | D:7      | Reached skill level 11 in Axes
  5881 | D:7      | Reached XP level 9. HP: 77/78 MP: 8/8
  5969 | D:7      | Found a staircase to the Ecumenical Temple.
  5994 | D:7      | Found Vicij's Antique Weapon Emporium.
  6082 | D:7      | Reached skill level 12 in Axes
  6651 | D:8      | Noticed a two-headed ogre
  6663 | D:8      | Killed a two-headed ogre
  6663 | D:8      | Reached skill level 13 in Axes
  6773 | D:8      | Found Fimoq's Weapon Shop.
  7068 | D:8      | Found Cedy's Food Shoppe.
  7068 | D:8      | Found Eciemuq's Gadget Boutique.
  7153 | D:8      | Found Bashriat's Assorted Antiques.
  7242 | D:8      | Reached XP level 10. HP: 88/88 MP: 9/9
  7443 | D:8      | Reached ***** piety under Trog
  7479 | D:8      | Found a viscous altar of Jiyva.
  7489 | D:8      | Reached skill level 14 in Axes
  7521 | D:8      | Found a hazy altar of Hepliaklqana.
  7673 | D:9      | Found a runed translucent door.
  7688 | D:9      | Noticed an ice dragon
  7689 | D:9      | Noticed a fire dragon
  7691 | D:9      | Found a runed translucent door.
  7691 | D:9      | Noticed a fire dragon
  7692 | D:9      | Found the +2 shield of Resistance {rF+ rC+ MR+}
  7693 | D:9      | Noticed an ice dragon
  7722 | D:9      | Found a staircase to the Lair.
  8254 | D:10     | Entered Level 10 of the Dungeon
  8278 | D:10     | Noticed a two-headed ogre
  9186 | D:10     | Killed a two-headed ogre
  9186 | D:10     | Reached skill level 15 in Axes
  9370 | D:10     | Noticed a two-headed ogre
  9384 | D:10     | Killed a two-headed ogre
  9719 | D:10     | Reached XP level 11. HP: 77/95 MP: 10/10
  9804 | D:10     | Killed an unseen horror
  9804 | D:10     | Reached skill level 16 in Axes
  9926 | D:10     | Killed an unseen horror
  9989 | D:10     | Noticed a deep elf mage
 10008 | D:10     | Killed a deep elf mage
 10124 | D:10     | Received a gift from Trog
 10375 | D:10     | Found a staircase to the Orcish Mines.
 10402 | D:10     | Noticed a two-headed ogre
 10418 | D:10     | Killed a two-headed ogre
 10723 | D:10     | Found a basalt altar of Yredelemnul.
 11000 | D:11     | Reached skill level 1 in Stealth
 11253 | D:11     | Noticed Erica
 11272 | D:11     | Killed Erica
 11382 | D:11     | Reached skill level 10 in Fighting
 11460 | D:11     | Noticed a green ugly thing
 11465 | D:11     | Killed a green ugly thing
 11826 | Lair:1   | Entered Level 1 of the Lair of Beasts
 11913 | Lair:1   | Reached skill level 10 in Armour
 11926 | Lair:1   | Reached skill level 17 in Axes
 12150 | Lair:1   | Found a dark tunnel.
 12150 | Lair:1   | Noticed a lindwurm
 12159 | Volcano  | Entered a volcano
 12335 | Volcano  | Slain by a fire elemental

Skill      XL: |  1  2  3  4  5  6  7  8  9 10 11 |
---------------+----------------------------------+-----
Axes           | 4 5 6 7 9 11 13 15 17 | 17.0
Fighting       | 4 5 6 7 8 10 | 10.5
Armour         | 3 4 5 6 8 10 | 10.2
Dodging        | 3 4 |  4.5
Stealth        | 1 |  1.0

Action                   |  1- 3 |  4- 6 |  7- 9 | 10-12 || total
-------------------------+-------+-------+-------+-------++-------
Melee: Hand axe          |    62 |   176 |    70 |       ||   308
       Headbutt          |    14 |    37 |    57 |    92 ||   200
       War axe           |       |       |   221 |   415 ||   636
Invok: Berserk           |       |       |     1 |     2 ||     3
Evoke: Wand              |       |       |     1 |       ||     1
  Use: Scroll            |       |       |     6 |     7 ||    13
  Eat: Chunk             |       |    10 |    11 |    10 ||    31
       Ration            |       |       |       |     3 ||     3
Armor: Animal skin       |    17 |       |       |       ||    17
       Chain mail        |       |    88 |   152 |   236 ||   476
Dodge: Dodged            |    40 |    75 |   119 |   170 ||   404
